 Dungeon Crawl Stone Soup version 0.29.1-15-g9cfb28693d (webtiles) character file.

Game seed: 2158612448049453699

361 Heoruswealwe the Magician (level 6, -10/32 HPs)
             Began as a Deep Elf Earth Elementalist on Apr 5, 2023.
             Mangled by a troll (13 damage)
             ... on level 5 of the Dungeon.
             The game lasted 00:10:52 (1136 turns).

Heoruswealwe the Magician (DEEE)                    Turns: 1136, Time: 00:10:53

Health: -10/32     AC:  3    Str:  5    XL:     6   Next: 38%
Magic:  12/17      EV: 12    Int: 22    God:
Gold:   30         SH:  0    Dex: 15    Spells: 15/18 levels left

rFire   . . .      SeeInvis .   (no weapon)
rCold   . . .      Faith    .   (no shield)
rNeg    . . .      Spirit   .   a - +0 robe
rPois   .          Reflect  .   (no helmet)
rElec   .          Harm     .   (no cloak)
rCorr   .          Rampage  .   h - +0 pair of gloves
Will    .....                   (no boots)
Stlth   ++........              (no amulet)
HPRegen 0.10/turn               (no ring)
MPRegen 0.15/turn               (no ring)

@: no status effects
A: no striking features
a: no special abilities


You were on level 5 of the Dungeon.
You visited 1 branch of the dungeon, and saw 5 of its levels.
You also visited: Ossuary.

You collected 30 gold pieces.

Inventory:

Armour
 a - a +0 robe (worn)
 h - a +0 pair of gloves (worn)
Scrolls
 c - 2 scrolls of teleportation {unknown}
 f - a scroll of fear {unknown}
 k - a scroll of poison {unknown}
 n - a scroll of amnesia {unknown}
 q - a scroll of enchant weapon {unknown}
Potions
 b - 3 potions of magic
 d - a potion of cancellation {unknown}
 e - a potion of heal wounds {unknown}
 g - 2 potions of flight {unknown}
 i - 2 potions of curing {unknown}
 j - a potion of haste {unknown}
 l - 3 potions of degeneration {unknown}
 m - a potion of resistance {unknown}
 o - a potion of ambrosia {unknown}
 p - a potion of might {unknown}


   Skills:
 - Level 2.4 Dodging
 - Level 2.4 Stealth
 + Level 6.8 Spellcasting
 - Level 1.1 Transmutations
 + Level 6.0 Earth Magic


You had 15 spell levels left.
You knew the following spells:

 Your Spells              Type           Power      Damage    Failure   Level
a - Sandblast             Erth           68%        2d15      1%          1
z - Passwall              Tmut/Erth      19%        N/A       3%          2

Your spell library contained the following spells:

 Spells                   Type           Power      Damage    Failure   Level
 Stone Arrow              Conj/Erth      40%        3d9       8%          3
 Petrify                  Tmut/Erth      23%        N/A       19%         4


Dungeon Overview and Level Annotations

Branches:
Dungeon (5/15)            Ossuary (visited)
 Temple: D:4-7

Altars:
Nemelex Xobeh

Shops:
D:5 =


Message History

Moving in this stuff is going to be slow.
You enter the shallow water.
Moving in this stuff is going to be slow.
A troll comes into view.
Casting: Sandblast (safe; 1% risk of failure)
Confirm with . or Enter, or press ? or * to list all spells.
You can't see any susceptible monsters within range! (Use Z to cast anyway.)
Casting: Sandblast (safe; 1% risk of failure)
Confirm with . or Enter, or press ? or * to list all spells.
Aiming: Sandblast (safe; 1% risk of failure)
Press: ? - help, Shift-Dir - straight line, f - troll
Aim: a troll (84% to hit)
The blast of sand hits the troll.
The troll is lightly wounded.
Casting: Sandblast (safe; 1% risk of failure)
Confirm with . or Enter, or press ? or * to list all spells.
Aiming: Sandblast (safe; 1% risk of failure)
Press: ? - help, Shift-Dir - straight line, f/p - troll
Aim: a troll (lightly wounded, 84% to hit)
The blast of sand hits the troll!
The troll is moderately wounded.
Casting: Sandblast (safe; 1% risk of failure)
Confirm with . or Enter, or press ? or * to list all spells.
Aiming: Sandblast (safe; 1% risk of failure)
Press: ? - help, Shift-Dir - straight line, f/p - troll
Aim: a troll (moderately wounded, 84% to hit)
The blast of sand hits the troll.
The troll is heavily wounded.
The troll completely misses you. The troll claws you!
* * * LOW HITPOINT WARNING * * *
The troll barely misses you.
Casting: Sandblast (safe; 1% risk of failure)
Confirm with . or Enter, or press ? or * to list all spells.
Aiming: Sandblast (safe; 1% risk of failure)
Press: ? - help, Shift-Dir - straight line, f/p - troll
Aim: a troll (heavily wounded, 84% to hit)
The blast of sand hits the troll!
The troll is severely wounded.
The troll bites you!
You die...

##...###~~.....##...
#.#.#.#~~.......#...
##.#..#~........# ##
#~..#~#~...#....#
#.#..##~~~.#......
##.~..#~#~.####....
#.#.#.###~.# ....
#~.#.~##~~.#### ...
#.#@#.#~~..'..+
##.T.##~...####...
#.#.#.#~.#........
##.#.~#~.#.####### .
# #~.#<...# #.
#~.#.##.# #. ~~ ..#
.. #. .### ## ..


You could see a troll.

Vanquished Creatures
  Menkaure (Ossuary)
  A scorpion (D:4)
  A gnoll bouda (D:5)
  An orc wizard (D:5)
  3 mummies (Ossuary)
  3 gnolls (D:5)
  An orc (D:5)
  An endoplasm (D:1)
  2 giant cockroaches
  6 gnoll zombies (Ossuary)
  2 goblins
  A hobgoblin (D:4)
  3 kobolds (D:1)
  3 quokkas
  2 ball pythons
  3 frilled lizards
  4 gnoll skeletons (Ossuary)
  3 goblin skeletons (Ossuary)
  2 goblin zombies (Ossuary)
  6 hobgoblin skeletons (Ossuary)
  6 hobgoblin zombies (Ossuary)
  4 kobold skeletons (Ossuary)
  5 kobold zombies (Ossuary)
  2 orc skeletons (Ossuary)
  3 orc zombies (Ossuary)
  2 rats (D:1)
  6 rat skeletons (Ossuary)
  3 rat zombies (Ossuary)
80 creatures vanquished.

Notes
Turn   | Place    | Note
-------+----------+-------------------------------------------
     0 | D:1      | Heoruswealwe the Deep Elf Earth Elementalist began the
                  | quest for the Orb.
     0 | D:1      | Reached XP level 1. HP: 10/10 MP: 6/6
    72 | D:1      | Reached XP level 2. HP: 1/15 MP: 0/8
    75 | D:1      | Learned a level 2 spell: Passwall
   173 | D:1      | You fall into a shaft and drop 1 floor!
   300 | D:4      | Noticed a scorpion
   306 | D:4      | Killed a scorpion
   307 | D:4      | Reached XP level 3. HP: 2/19 MP: 2/11
   307 | D:4      | Reached XP level 4. HP: 3/24 MP: 2/12
   321 | D:4      | Found a sparkling altar of Nemelex Xobeh.
   397 | D:4      | Found a sand-covered staircase.
   402 | Ossuary  | Entered an ossuary
   547 | Ossuary  | Reached skill level 5 in Spellcasting
   827 | Ossuary  | Noticed Menkaure
   854 | Ossuary  | Reached skill level 5 in Earth Magic
   854 | Ossuary  | Reached XP level 5. HP: 28/28 MP: 1/14
   958 | Ossuary  | Killed Menkaure
   973 | Ossuary  | Reached XP level 6. HP: 12/32 MP: 10/17
  1060 | D:5      | Entered Level 5 of the Dungeon
  1078 | D:5      | Found Luisk's Jewellery Emporium.
  1130 | D:5      | Noticed a troll
  1136 | D:5      | Mangled by a troll

Illustrated notes

Levels and vault maps discovered:
D:1:      dpeg_arrival_rooms_with_view, layout_rooms
D:2:      layout_basic, basic_altar, kennysheep_generic_room_3
D:3:      layout_loops_corners, amcnicky_altar_gilded,
          dreamdust_ecumenical_altar_sealed_demon, uniq_terence
D:4:      layout_loops_ring, nemelex_xobeh_ov_fountains_minmay,
          mainiacjoe_overflow_alcove_1, lemuel_tele_altar, serial_shops,
          nicolae_diamond_shop, nicolae_ossuary_entry_plus,
          minmay_misc_feat_cross
D:5:      layout_basic, mainiacjoe_overflow_chevrons, serial_shops,
          nicolae_shop_trees, nicolae_diamond_shop, shop_statue,
          minmay_manual_mullet

Skill      XL: |  1  2  3  4  5  6 |
---------------+-------------------+-----
Spellcasting   | 4 5 6 |  6.8
Earth Magic    | 4 5 6 |  6.0
Dodging        | |  2.4
Stealth        | |  2.4
Transmutations | |  1.1

Action                   |  1- 3 |  4- 6 || total
-------------------------+-------+-------++-------
Melee: Unarmed           |     9 |       ||     9
 Cast: Sandblast         |    28 |    95 ||   123
Armor: Robe              |    10 |       ||    10
Dodge: Dodged            |    24 |     2 ||    26
